cohdb
Replays
Latest Replays
All Replays
Popular Replays
Top Player Replays
Match Explorer
How It Works
Community
CoH3 Stats
Reddit
Sign in to upload your games and track your stats! →
Sign in with Steam
Match 42943549
Unlisted
Match 42943549
Overview
Messages
Build Orders
End
Royal Engineer Section
Construct Section Command Post
Construct Section Command Post
Dingo Light Scout Car
Infantry Section
Infantry Section
Construct Platoon Command Post
Humber Armored Car
Infantry Section
Infantry Training
Construct Field Infirmary
Selects Canadian Shock Battlegroup
Selects Attacking Spirit
Selects Canadian Shock Section
Selects Incendiary Munitions
Grenade Package
Selects Pyrotechnics
Canadian Shock Section
Construct Company Command Post
Crusader II Medium Tank
Foot Guards Section
Selects Smoke Operation
Armored Vehicle Training
Vickers Machine Gun Team
Crusader II Medium Tank
Lyzrinn
Cjoffrey
Mowgli01
Ista.
Drone Operator
simranjitsingh713
0
0
Comments
sign in to comment!
No comments posted yet!